 Dungeon Crawl Stone Soup version 0.30.0 (webtiles) character file.

Game seed: 6692476291389715909

13358 bonscott the Thaumaturge (level 12, -5/86 HPs)
             Began as a Djinni Conjurer on Jan 14, 2024.
             Was an Elder of Makhleb.
             Slain by a boulder beetle (17 damage)
             ... on level 11 of the Dungeon.
             The game lasted 01:09:03 (11399 turns).

bonscott the Thaumaturge (Djinni Conjurer)         Turns: 11399, Time: 01:09:03

Health: -5/86      AC: 12    Str:  6    XL:     12   Next: 31%
Gold:   613        EV: 12    Int: 25    God:    Makhleb [****..] SH:  5 Dex: 12

rFire   + + .        t - +1 spear (venom)
rCold   x . .        R - +0 buckler
rNeg    . . .        N - +0 steam dragon scales
rPois   ∞            b - +1 helmet
rElec   .            l - +1 cloak
rCorr   .            (no gloves)
SInv    +            (boots unavailable)
Will    +....        (no amulet)
Stlth   ++           k - ring of see invisible
HPRegen 0.34/turn    (no ring)
MPRegen 0.00/turn

%: infuse magic (-6 HP)
@: flying
A: sickness immunity, fire resistance 2, cold vulnerability 1, float, innate
caster, HP casting, extra vitality 1
a: Renounce Religion, Minor Destruction, Lesser Servant of Makhleb, Major
Destruction


You were on level 11 of the Dungeon.
You worshipped Makhleb.
Makhleb was greatly pleased with you.
You visited 2 branches of the dungeon, and saw 12 of its levels.
You also visited: Sewer.

You collected 613 gold pieces.

Inventory:

Hand Weapons
 a - a +2 scimitar of flaming
 c - a +2 short sword of protection
 t - a +1 spear of venom (weapon)
 y - a +1 dagger of speed
 F - a +3 whip
 M - a +2 flail of holy wrath
 O - a +1 dagger of venom
 S - a +1 short sword of holy wrath
Missiles
 j - 105 stones
 A - 4 silver javelins
 D - 14 poisoned darts
 E - 15 boomerangs
 L - 4 atropa-tipped darts
Armour
 b - a +1 helmet (worn)
 l - a +1 cloak (worn)
 N - +0 steam dragon scales (worn)
 R - a +0 buckler (worn)
Magical Staves
 Q - a staff of air
Jewellery
 k - a ring of see invisible (left hand)
 o - an amulet of faith
Wands
 q - a wand of polymorph (7)
 r - a wand of quicksilver (4)
 u - a wand of charming (17)
 I - a wand of iceblast (6)
 J - a wand of mindburst (14)
 T - a wand of flame (15)
Scrolls
 d - a scroll of enchant armour
 e - 13 scrolls of teleportation
 f - 7 scrolls of blinking
 m - a scroll of poison
 p - 2 scrolls of fear
 v - 2 scrolls of immolation
 G - a scroll of enchant weapon {unknown}
 H - a scroll of amnesia {unknown}
 P - a scroll of acquirement {unknown}
Potions
 g - 6 potions of brilliance
 h - 4 potions of might
 i - 3 potions of attraction
 n - a potion of heal wounds
 s - 2 potions of resistance
 w - 2 potions of curing
 x - a potion of cancellation {unknown}
 z - a potion of invisibility
 B - 2 potions of mutation
 C - 2 potions of ambrosia {unknown}
 K - a potion of lignification {unknown}
 U - 3 potions of haste


   Skills:
 - Level 8.0 Fighting
 - Level 10.0 Armour
 - Level 4.0 Dodging
 - Level 1.6 Stealth
 - Level 4.0 Shields
 + Level 10.8 Spellcasting


You knew the following spells:

 Your Spells              Type           Power      Damage    Failure   Level
a - Magic Dart            Conj           100%       1d8       1%          1
b - Anguish               Hex/Necr       30%        N/A       1%          4
c - Dazzling Flash        Conj/Hex       100%       N/A       1%          3
f - Fulminant Prism       Conj/Hex       30%        3d15      1%          4
h - Hailstorm             Conj/Ice       61%        3d13      1%          3
l - Slow                  Hex            100%       N/A       1%          1
m - Iskenderun's Mystic   Conj/Tloc      61%        2d13      1%          4
r - Searing Ray           Conj           100%       2d8       1%          2
s - Scorch                Fire           100%       2d9       1%          2
z - Frozen Ramparts       Ice            100%       1d16      1%          3
Your spell library was empty.

Dungeon Overview and Level Annotations

Branches:
Dungeon (11/15)            Temple (1/1) D:5            Lair (0/5) D:9
    Orc (0/2) D:10          Sewer (visited)

Altars:
Ashenzari
Cheibriados
Dithmenos
Elyvilon
Fedhas
Gozag
Hepliaklqana
Makhleb
Nemelex Xobeh
Okawaru
Qazlal
Ru
Trog
Uskayaw
Wu Jian
Xom
Yredelemnul
Zin
The Shining One

Shops:
D:4 *   D:5 (   D:6 **   D:8 =

Annotations:
D:9 1 runed translucent door


Innate Abilities, Weirdness & Mutations

You are immune to sickness and miasma.
You are immune to poison.
Your flesh is very heat resistant. (rF++)
You are vulnerable to cold. (rC-)
You float through the air rather than walking.
You learn spells naturally, not from books.
Your magical power is your life essence.
You have superior vitality. (+4 MHP)


Message History

Your fulminant prism crackles loudly.
The boulder beetle closely misses you.
The searing ray hits the boulder beetle but does no damage.
The boulder beetle is severely wounded.
The boulder beetle bites you!!
* * * LOW HITPOINT WARNING * * *
Your fulminant prism explodes!
The blast of energy engulfs the boulder beetle but does no damage.
The boulder beetle is severely wounded.
Casting: Searing Ray (safe; 1% risk of failure)
Confirm with . or Enter, or press ? or * to list all spells.
Okay, then.
You are too injured to fight recklessly!
Unknown command.
You feel much better.
The boulder beetle bites you but does no damage.
Casting: Searing Ray (safe; 1% risk of failure)
Confirm with . or Enter, or press ? or * to list all spells.
You erupt in a blast of force!
The mystic blast hits the boulder beetle.
The boulder beetle is severely wounded.
* * * LOW HITPOINT WARNING * * *
The boulder beetle bites you but does no damage.
Casting: Iskenderun's Mystic Blast (mildly dangerous; 1% risk of failure)
Confirm with . or Enter, or press ? or * to list all spells.
You erupt in a blast of force!
The mystic blast hits the boulder beetle!
The boulder beetle is almost dead.
* * * LOW HITPOINT WARNING * * *
You hear a shout!
The boulder beetle barely misses you.
Casting: Iskenderun's Mystic Blast (mildly dangerous; 1% risk of failure)
Confirm with . or Enter, or press ? or * to list all spells.
You erupt in a blast of force!
The mystic blast hits the boulder beetle but does no damage.
The boulder beetle is almost dead.
* * * LOW HITPOINT WARNING * * *
You hear a screech!
The boulder beetle bites you!
You die...

... .... ##....
######......
##...)......!
##)...........
#@B).†.......#
#####....)[.....#
###.....####.####..#
#.......# ..(# .
#.......# ..(...
##......###.B....
#......# #..°....
##.....# #).°...#
##..... .......#


You could see a boulder beetle.

Vanquished Creatures
  Josephine (D:10)
  Erica (D:7)
  3 two-headed ogres
  3 death yaks (D:9)
  A sun demon (D:11)
  An orange demon (D:11)
  Maggie (D:8)
  A komodo dragon (D:10)
  A troll (D:10)
  A red devil (D:11)
  A hornet (D:7)
  5 wraiths (D:10)
  A vampire (D:10)
  3 yaks (D:10)
  3 wyverns
  A neqoxec (D:11)
  4 vampire mosquitoes (D:11)
  Menkaure (D:7)
  An acid dragon (D:9)
  3 water moccasins
  A sky beast (D:7)
  4 orc warriors
  An ice beast (D:7)
  An ogre (D:7)
  2 centaurs
  5 bullfrogs
  3 kobold brigands
  2 scorpions
  13 killer bees
  9 howler monkeys
  A crimson imp (D:5)
  2 jellies
  10 orc priests
  3 hounds
  2 sleepcaps
  3 iguanas
  Terence (D:2)
  9 orc wizards
  4 hell rats (D:9)
  4 river rats
  13 adders
  A white imp (D:5)
  2 ufetubi
  9 worms
  4 dart slugs
  46 orcs
  5 bats
  8 endoplasms
  2 giant cockroaches
  8 goblins
  9 hobgoblins
  9 jackals
  20 kobolds
  4 quokkas
  6 ball pythons
  10 frilled lizards
  A jackal skeleton (D:9)
  A kobold skeleton (D:9)
  15 rats
  5 fulminant prisms
295 creatures vanquished.

Vanquished Creatures (others)
  5 demonic plants (D:11)
  192 fulminant prisms
  6 plants (D:6)
203 creatures vanquished.

Grand Total: 498 creatures vanquished

Notes
Turn   | Place    | Note
-------+----------+-------------------------------------------
     0 | D:1      | bonscott the Djinni Conjurer began the quest for the Orb.
     0 | D:1      | bonscott set off with the following spells memorised: Magic
                  | Dart, Searing Ray, Dazzling Flash, Fulminant Prism,
                  | Iskenderun's Mystic Blast.
     0 | D:1      | Reached XP level 1. HP: 15/15 MP: 0/0
   198 | D:1      | Reached XP level 2. HP: 18/21 MP: 0/0
   397 | D:1      | Reached XP level 3. HP: 18/25 MP: 0/0
   397 | D:1      | Learned a level 1 spell: Slow
   950 | D:2      | Noticed Terence
   972 | D:2      | Killed Terence
   973 | D:2      | Reached XP level 4. HP: 9/31 MP: 0/0
  1737 | D:3      | Reached XP level 5. HP: 32/35 MP: 0/0
  1737 | D:3      | Learned a level 2 spell: Scorch
  1825 | D:3      | Found a hazy altar of Hepliaklqana.
  1867 | D:3      | Found a hide-covered altar of Uskayaw.
  1868 | D:3      | Noticed a +0 hand axe
  1868 | D:3      | Noticed a +0 hand axe
  1934 | D:3      | Reached skill level 5 in Spellcasting
  2141 | D:3      | Reached XP level 6. HP: 30/40 MP: 0/0
  2202 | D:3      | Found a glowing drain.
  2210 | Sewer    | Entered a sewer
  3194 | D:4      | Found Sojyg's Overcharged Wands.
  3263 | D:4      | Reached skill level 1 in Fighting
  3263 | D:4      | Reached XP level 7. HP: 46/47 MP: 0/0
  3263 | D:4      | Learned a level 3 spell: Hailstorm
  4076 | D:5      | Entered Level 5 of the Dungeon
  4230 | D:5      | Reached skill level 1 in Armour
  4735 | D:5      | Found an opulent altar of Gozag.
  4845 | D:5      | Reached XP level 8. HP: 49/56 MP: 0/0
  4973 | D:5      | Found Dapto's Antique Weapon Shop.
  4987 | D:5      | Found a staircase to the Ecumenical Temple.
  5132 | Temple   | Entered the Ecumenical Temple
  5226 | Temple   | Became a worshipper of Makhleb the Destroyer
  5322 | D:6      | Noticed a wyvern
  5344 | D:6      | Killed a wyvern
  5887 | D:6      | Found a glowing silver altar of Zin.
  5988 | D:6      | Found Qayxil's Lightly-Used Armoury.
  6282 | D:6      | Found Pumnam's Serpentskin Sales.
  6642 | D:7      | Noticed a hornet
  6646 | D:7      | Killed a hornet
  6647 | D:7      | Reached XP level 9. HP: 35/60 MP: 0/0
  6647 | D:7      | Learned a level 3 spell: Frozen Ramparts
  7039 | D:7      | Noticed Menkaure
  7047 | D:7      | Killed Menkaure
  7048 | D:7      | Reached skill level 5 in Fighting
  7227 | D:7      | Found a sacrificial altar of Ru.
  7227 | D:7      | Found a faded altar of an unknown god.
  7232 | D:7      | Found a faded altar of an unknown god.
  7234 | D:7      | Found a blossoming altar of Fedhas.
  7236 | D:7      | Found a white marble altar of Elyvilon.
  7283 | D:7      | Reached skill level 5 in Armour
  7320 | D:7      | Found an ornate altar of the Wu Jian Council.
  7396 | D:8      | Noticed Maggie
  7407 | D:8      | Noticed Erica
  7407 | D:8      | Noticed a two-headed ogre
  7408 | D:8      | Reached * piety under Makhleb
  7413 | D:8      | Noticed a two-headed ogre
  7414 | D:8      | Found a stormy altar of Qazlal.
  7554 | D:8      | Killed Maggie
  7555 | D:8      | Reached XP level 10. HP: 32/70 MP: 0/0
  7752 | D:8      | Killed a two-headed ogre
  7828 | D:7      | Killed Erica
  7829 | D:7      | Reached skill level 10 in Spellcasting
  8053 | D:8      | Killed a two-headed ogre
  8201 | D:8      | Found Aken's Jewellery Emporium.
  8295 | D:8      | Found a snail-covered altar of Cheibriados.
  8835 | D:9      | Reached ** piety under Makhleb
  8874 | D:9      | Noticed a death yak
  8874 | D:9      | Noticed a death yak
  9076 | D:9      | Noticed a death yak
  9081 | D:9      | Killed a death yak
  9082 | D:9      | Reached XP level 11. HP: 50/79 MP: 0/0
  9082 | D:9      | Learned a level 4 spell: Anguish
  9093 | D:9      | Killed a death yak
  9135 | D:9      | Killed a death yak
  9340 | D:9      | Found a staircase to the Lair.
  9437 | D:9      | Found a runed translucent door.
  9455 | D:9      | Found a basalt altar of Yredelemnul.
  9477 | D:9      | Found a shimmering altar of Xom.
  9478 | D:9      | Found a shimmering altar of Xom.
  9478 | D:9      | Found a shimmering altar of Xom.
  9478 | D:9      | Found a shimmering altar of Xom.
  9479 | D:9      | Found a shimmering altar of Xom.
  9483 | D:9      | Found a shimmering altar of Xom.
  9483 | D:9      | Found a shimmering altar of Xom.
  9682 | D:10     | Entered Level 10 of the Dungeon
  9744 | D:10     | Reached *** piety under Makhleb
  9752 | D:10     | Reached skill level 1 in Shields
  9880 | D:10     | Found a staircase to the Orcish Mines.
 11001 | D:10     | Noticed Josephine
 11013 | D:10     | Killed Josephine
 11177 | D:11     | Noticed a sixfirhy
 11179 | D:11     | Reached XP level 12. HP: 84/86 MP: 0/0
 11184 | D:11     | Reached skill level 10 in Armour
 11194 | D:11     | Reached **** piety under Makhleb
 11199 | D:11     | Noticed a two-headed ogre
 11202 | D:11     | Noticed a sun demon
 11206 | D:11     | Killed a two-headed ogre
 11211 | D:11     | Killed a sun demon
 11370 | D:11     | Noticed a boulder beetle
 11399 | D:11     | Slain by a boulder beetle

Illustrated notes

Levels and vault maps discovered:
D:1:      lightli_molten_gateway, layout_rooms, minmay_pentomino_w2
D:2:      layout_loops_corners, eino_curves_01, minmay_cupped, uniq_terence
D:3:      layout_loops_ring, nicolae_hepliaklqana_hippocampus,
          dancing_weapons_uskayaw, lightli_sewer_entry_pipes, kennysheep_donut,
          minmay_goblin_outpost
D:4:      layout_layer_cave, nicolae_shop_overcharged_wands
D:5:      layout_loops_ring, grunt_gozag_breadcrumbs, tgw_sif,
          minmay_temple_entry_antechambers, serial_shops, shop,
          minmay_fire_ice_demons
D:6:      layout_basic, kennysheep_mini_moat, minmay_shop_damaged,
          serial_bayou_pond_a, guppyfry_shop_venom
D:7:      layout_rooms, nzn_wu_jian_council_hall,
          chequers_temple_overflow_minitemple, uniq_menkaure
D:8:      layout_loops_ring, mainiacjoe_overflow_large_starburst, serial_shops,
          nicolae_shop_gaudy_bauble, uniq_maggie, uniq_erica
D:9:      layout_roguey, dk_yredelemnul_ordeal, nicolae_xom_altar_mimics,
          dpeg_lair_monsters
D:10:     layout_basic, hiddenorc2_lemuel, serial_glass, glass_columns_c,
          glass_columns_a, uniq_josephine
D:11:     layout_rooms, serial_demonic, serial_demonic_c, serial_demonic_b,
          serial_demonic_a, serial_demonic_a, serial_demonic_f,
          serial_demonic_e, serial_demonic_g, serial_demonic_f, uniq_urug
Temple:   dpeg_three_leaves_temple

Skill      XL: |  1  2  3  4  5  6  7  8  9 10 11 12 |
---------------+-------------------------------------+-----
Spellcasting   | 4 5 6 7 9 10 | 10.8
Fighting       | 1 3 5 7 8 |  8.0
Armour         | 3 4 5 7 9 10 | 10.0
Dodging        | 4 |  4.0
Shields        | 4 |  4.0
Stealth        | |  1.6

Action                     |  1- 3 |  4- 6 |  7- 9 | 10-12 || total
---------------------------+-------+-------+-------+-------++-------
  Melee: Dagger            |       |     1 |       |       ||     1
         Spear             |       |       |     6 |    13 ||    19
   Cast: Magic Dart        |    62 |   114 |    34 |    15 ||   225
         Searing Ray       |     5 |    14 |    14 |    14 ||    47
         Slow              |     2 |       |       |       ||     2
         Fulminant Prism   |       |       |    55 |   142 ||   197
         Frozen Ramparts   |       |       |     2 |     2 ||     4
         Iskenderun's Myst |       |       |       |     9 ||     9
  Evoke: Wand              |       |       |       |     2 ||     2
    Use: Scroll            |     1 |    10 |     5 |     3 ||    19
         Potion            |       |       |     1 |     4 ||     5
   Stab: Distracted        |       |       |       |     1 ||     1
 Armour: Robe              |     1 |     2 |     5 |       ||     8
         Leather armour    |       |       |     3 |       ||     3
         Steam dragon scal |       |       |       |    15 ||    15
  Dodge: Dodged            |     5 |    10 |    24 |    29 ||    68
  Block: Buckler           |       |       |       |     2 ||     2
